 Dungeon Crawl Stone Soup version 0.24.0-13-gcf9b3192b9 (webtiles) character file.

Game seed: 6132958498293826790, levelgen mode: deterministic

84 elofs the Cudgeler (level 4, -5/41 HPs)
             Began as a Minotaur Berserker on Nov 5, 2019.
             Was a Believer of Trog.
             Killed by nerve-wracking pain
             ... invoked by Grinder
              (7 damage)
             ... on level 3 of the Dungeon.
             The game lasted 00:09:04 (2372 turns).

elofs the Cudgeler (Minotaur Berserker)             Turns: 2372, Time: 00:09:05

Health: -5/41      AC:  6    Str: 22    XL:     4   Next: 24%
Magic:  3/3        EV: 10    Int:  4    God:    Trog [**....]
Gold:   50         SH:  0    Dex: 10    Spells: 3/3 levels left

rFire    . . .     SeeInvis .   i - +1 whip (venom)
rCold    . . .     Gourm    .   (no shield)
rNeg     . . .     Faith    .   m - +0 scale mail
rPois    .         Spirit   .   (helmet restricted)
rElec    .         Reflect  .   (no cloak)
rCorr    .         Harm     .   (no gloves)
MR       .....                  (no boots)
Stlth    ..........             (no amulet)
HPRegen  0.13/turn              (no ring)
MPRegen  0.08/turn              (no ring)

@: no status effects
A: retaliatory headbutt, horns 2
a: Berserk, Trog's Hand, Renounce Religion


You were on level 3 of the Dungeon.
You worshipped Trog.
Trog was pleased with you.
You were not hungry.

You visited 1 branch of the dungeon, and saw 3 of its levels.

You collected 50 gold pieces.

Inventory:

Hand Weapons
 a - a +0 mace
 d - a +0 whip
 g - a +0 whip of venom
 i - a +1 whip of venom (weapon)
 k - a +1 scythe of protection
Missiles
 h - 8 boomerangs (quivered)
Armour
 b - a +0 animal skin
 c - a +0 ring mail
 m - a +0 scale mail (worn)
Jewellery
 e - an uncursed amulet of inaccuracy
 l - an uncursed amulet of magic regeneration {unknown}
 p - an uncursed ring of fire {unknown}
Scrolls
 f - 2 scrolls of fear
 j - a scroll of teleportation {unknown}
Potions
 o - a potion of degeneration {unknown}
Comestibles
 n - 2 chunks of flesh


   Skills:
 - Level 4.4 Fighting
 * Level 5.6 Maces & Flails
 - Level 2.4 Armour
 - Level 2.1 Dodging


You had 3 spell levels left.
You didn't know any spells.
Your spell library was empty.

Dungeon Overview and Level Annotations

Branches:
Dungeon (3/15)

Altars:
Kikubaaqudgha

Annotations:
D:3 Grinder


Innate Abilities, Weirdness & Mutations

You reflexively headbutt those who attack you in melee.
You have a pair of horns on your head.


Message History

You hit something. You headbutt something! Something hits you!
You hit something. You closely miss something. Your headbutt misses something.
Something tries to affect you, but you resist.
Something hits you but does no damage.
You see here a shiny garnet ring.
p - a shiny garnet ring Pain shoots through your body!
Found a cloak.
Found a dagger.
You barely miss something. Something hits you!
You writhe in agony.
* * * LOW HITPOINT WARNING * * *
You barely miss something. You hit something. Something hits you.
* * * LOW HITPOINT WARNING * * *
You writhe in agony.
* * * LOW HITPOINT WARNING * * *
You hit something. Pain shoots through your body!
You die...

#..# # ≈# #..# #
.##≈#. #..## .##
...≈[. #...# #.##
#)..≈.. #.#.# #..
....≈ ###.#†#
#.#####..##
...#.##
#.........#
###.#..# #
#.#########
.....#.#
####.#@#.......##
.....#..#
#................
....†##.#
####.#.#†.......#
..†..##.#
#.#.#........#
..........
#.#.#........#
.....#.#..
#.....†#######
.....#.#..
###.##.# .....# #
#.##.#### .....#
#.##....#


There were no monsters in sight!

Vanquished Creatures
  An adder (D:2)
  An ooze (D:2)
  A worm (D:2)
  3 leopard geckos
  4 giant cockroaches
  6 goblins
  4 hobgoblins (D:1)
  8 jackals
  2 ball pythons
  7 bats
  5 frilled lizards
  11 kobolds
  12 rats
65 creatures vanquished.

Notes
Turn   | Place    | Note
-------+----------+-------------------------------------------
     0 | D:1      | elofs the Minotaur Berserker began the quest for the Orb.
     0 | D:1      | Reached XP level 1. HP: 19/19 MP: 0/0
   290 | D:1      | Reached XP level 2. HP: 27/27 MP: 1/1
   440 | D:1      | Reached skill level 4 in Maces & Flails
  1054 | D:2      | Reached XP level 3. HP: 17/34 MP: 2/2
  1642 | D:2      | Reached skill level 5 in Maces & Flails
  1786 | D:2      | Reached ** piety under Trog
  1876 | D:2      | Found a faded altar of an unknown god.
  2073 | D:3      | Reached XP level 4. HP: 39/41 MP: 3/3
  2077 | D:3      | Found an ancient bone altar of Kikubaaqudgha.
  2342 | D:3      | Noticed Grinder
  2369 | D:3      | HP: 2/41 [something (3)]
  2372 | D:3      | Killed from afar by Grinder

Levels and vault maps discovered:
D:1:      minmay_arrival_wavy_path, layout_basic, minivault_26
D:2:      layout_loops_ring, chequers_ecumenical_altar_simple,
          palyth_stone_intersect, minmay_misc_feat_ornament
D:3:      layout_basic, zin_treasury, kiku_gazebo_garden_becter,
          chequers_serial_rivers_micro_a, kennysheep_generic_room_7,
          uniq_grinder, uniq_natasha

Skill      XL: |  1  2  3 |
---------------+----------+-----
Fighting       | 4 |  4.4
Maces & Flails | 4 5 |  5.6
Armour         | |  2.4
Dodging        | |  2.1

Action                   |  1- 3 |  4- 6 || total
-------------------------+-------+-------++-------
Melee: Mace              |    65 |       ||    65
       Headbutt          |    19 |    16 ||    35
       Whip              |    28 |    65 ||    93
  Use: Scroll            |     2 |       ||     2
  Eat: Ration            |     1 |       ||     1
       Chunk             |       |     1 ||     1
Armor: Animal skin       |     7 |       ||     7
       Ring mail         |     9 |     4 ||    13
       Scale mail        |       |     5 ||     5
Dodge: Dodged            |    74 |    24 ||    98
